 Dungeon Crawl Stone Soup version 0.32-a0-630-g46d191b0ed (webtiles) character file.

Game seed: 3214733708560627910

14317 inmateoo the Spear-Bearer (level 12, 0/84 HPs)
             Began as a Coglin Gladiator on Mar 7, 2024.
             Was a Priest of Hepliaklqana.
             Slain by an orange demon (3 damage)
             ... led by Amaemon
             ... on level 10 of the Dungeon.
             The game lasted 00:10:44 (10251 turns).

inmateoo the Spear-Bearer (Coglin Gladiator)       Turns: 10251, Time: 00:10:45

Health: 0/84       AC: 10    Str: 19    XL:     12   Next: 15%
Magic:  15/15      EV: 16    Int:  8    God:    Hepliaklqana [***...]
Gold:   589        SH:  0    Dex: 16    Spells: 11/11 levels left

rFire   . . .        a - +1 trident {Suphaphon}
rCold   . . .        z - +1 spear (heavy) {Hong}
rNeg    . . .        b - +3 leather armour
rPois   .            c - +0 helmet
rElec   +            k - scarf of Toeqeot {+Inv, Fly rElec}
rCorr   .            B - +1 pair of gloves
SInv    .            (no boots)
Will    ++...        (amulet unavailable)
Stlth   +            (ring unavailable)
HPRegen 0.34/turn    (ring unavailable)
MPRegen 0.14/turn    (no gizmo)

%: no passive effects
@: lethally poisoned (0 -> -18), flying, slowed, revving, very slow
A: reduced essence, off-hand wielding, slow wielding, warmup strikes, no
jewellery, strong-willed 2
a: Invent Gizmo, Renounce Religion, Evoke Invisibility, Recall Ancestor,
Ancestor Identity, Transference


You were on level 10 of the Dungeon.
You worshipped Hepliaklqana.
Hepliaklqana was most pleased with you.
You visited 2 branches of the dungeon, and saw 11 of its levels.

You collected 589 gold pieces.

Inventory:

Hand Weapons
 a - a +1 trident (weapon) {Suphaphon}
 z - a +1 heavy spear (offhand) {Hong}
Missiles
 d - a throwing net (quivered)
 e - a javelin
Armour
 b - a +3 leather armour (worn)
 c - a +0 helmet (worn)
 k - the scarf of Toeqeot (worn) {+Inv, Fly rElec}
   (You acquired it on level 3 of the Dungeon)

   rElec:     It insulates you from electricity.
   Fly:       It grants you flight.
 B - a +1 pair of gloves (worn)
Wands
 h - a wand of polymorph (5)
 l - a wand of charming (8)
 n - a wand of digging (9)
 w - a wand of flame (13)
Scrolls
 i - 2 scrolls of teleportation
 j - 3 scrolls of immolation
 m - 2 scrolls of vulnerability
 x - a scroll of enchant weapon
 y - a scroll of identify
Potions
 f - 2 potions of resistance
 g - a potion of cancellation
 o - 3 potions of haste
 p - 4 potions of attraction
 q - 2 potions of brilliance
 r - 3 potions of mutation
 s - a potion of might
 u - a potion of enlightenment
 v - a potion of invisibility


   Skills:
 + Level 8.5 Fighting
 * Level 11.1 Polearms
 - Level 1.7 Throwing
 + Level 7.5 Armour
 + Level 8.0 Dodging
 + Level 5.0 Invocations


You had 11 spell levels left.
You didn't know any spells.
Your spell library contained the following spells:

 Spells                   Type           Power      Damage    Failure   Level
 Kiss of Death            Conj/Necr      0%         2d5       45%         1
 Magic Dart               Conj           0%         1d3       45%         1
 Sting                    Conj/Alch      0%         1d3       45%         1
 Blink                    Tloc           0%         N/A       58%         2
 Call Imp                 Summ           0%         N/A       58%         2
 Mercury Vapours          Alch/Air       0%         N/A       58%         2
 Searing Ray              Conj           0%         2d4       58%         2
 Confusing Touch          Hex            0%         N/A       83%         3
 Fugue of the Fallen      Necr           0%         N/A       83%         3
 Ozocubu's Armour         Ice            0%         N/A       83%         3
 Stone Arrow              Conj/Erth      0%         3d7       83%         3
 Animate Armour           Summ/Erth      0%         N/A       99%         4
 Dispel Undead            Necr           0%         3d6       99%         4
 Fulminant Prism          Conj/Alch      0%         3d5       99%         4
 Ignite Poison            Fire/Alch      0%         N/A       99%         4
 Manifold Assault         Tloc           0%         N/A       99%         4
 Olgreb's Toxic Radiance  Alch           0%         N/A       99%         4
 Sticky Flame             Fire/Alch      0%         2d4       99%         4
 Summon Forest            Summ/Tloc      0%         N/A       100%        5
 Eringya's Noxious Bog    Alch           0%         4d6       100%        6
 Summon Hydra             Summ           0%         N/A       100%        7
 Ignition                 Fire           0%         3d3       100%        8
 Lehudib's Crystal Spear  Conj/Erth      0%         10d2      100%        8


Dungeon Overview and Level Annotations

Branches:
Dungeon (10/15)            Temple (1/1) D:5            Lair (0/5) D:10
    Orc: D:9-12

Altars:
Ashenzari
Cheibriados
Dithmenos
Elyvilon
Fedhas
Gozag
Hepliaklqana
Kikubaaqudgha
Makhleb
Nemelex Xobeh
Okawaru
Qazlal
Ru
Trog
Uskayaw
Vehumet
Wu Jian
Xom
Yredelemnul
Zin
The Shining One

Shops:
D:8 (

Annotations:
D:6 2 transporters, Patate's ghost, novice GrFi
D:10 Amaemon


Innate Abilities, Weirdness & Mutations

Your life essence is reduced to manifest your ancestor. (-10% HP)
You can wield a second weapon in your off-hand.
It takes a long time for you to wield or remove held weapons.
Your first few attacks do less damage.
You cannot equip rings or amulets.
You are highly strong-willed. (Will++)


Message History

Aim: Amaemon, wielding a +0 demon whip of venom (severely wounded, ally target, about 37% to evade your +1 trident)
The scorpion is in the way.
You puncture the scorpion with your +1 trident!
You kill the scorpion!
The scorpion's corpse disappears in a puff of smoke!
* * * LOW HITPOINT WARNING * * *
You feel extremely sick. The orange demon closely misses you.
Amaemon hits Poteh with a +0 demon whip of venom!
Amaemon claws Poteh.
Amaemon tail-slaps Poteh.
Something stings Poteh.
Reach: a) +1 trident {Suphaphon}
Press: ? - help, Dir - move target, f/p - Amaemon
Aim: Amaemon, wielding a +0 demon whip of venom (severely wounded, ally target, about 37% to evade your +1 trident)
Okay, then.
You feel better.
Poteh hits Amaemon with a +0 quarterstaff!!
Something stings Poteh.
The orange demon closely misses you.
Amaemon hits Poteh with a +0 demon whip of venom!
Poteh is destroyed!
Amaemon mumbles some strange words.
The orange demon stings you from afar.
* * * LOW HITPOINT WARNING * * *
You are lethally poisoned!
You have difficulty breathing.
* * * LOW HITPOINT WARNING * * *
You feel as though you will be slow longer.
You feel much better.
* * * LOW HITPOINT WARNING * * *
You feel extremely sick.
The orange demon stings you but does no damage.
Okay, then.
* * * LOW HITPOINT WARNING * * *
You feel extremely sick. The scorpion closely misses you.
Amaemon casts a spell at the scorpion.
The scorpion's venom grows more potent.
The scorpion stings you but does no damage.
The scorpion barely misses you. The orange demon stings you from afar.
You die...
Hepliaklqana delivers you to your ancestors.

#.....# #.....# #.....+
#.....# #$..s.# #.s§s6#
##4# #ss# #@##
######'######
#......†....# ##+#####
#........##.####.......
#.........#...#.......[
#.......#...#.#.#...#..
#........###..#..###...
#........# #...+.#.#...
#........##'.....'##..†


You could see Amaemon, an orange demon (curare) and 4 scorpions.

Vanquished Creatures
  Gastronok (D:9)
  Erolcha (D:10)
  A death knight (D:9)
  2 two-headed ogres (D:9)
  2 komodo dragons
  2 trolls (D:10)
  19 yaks
  A wyvern (D:9)
  Grum (D:9)
  3 water moccasins
  2 sky beasts
  3 orc warriors
  3 black bears
  4 wolves
  A centaur (D:6)
  A phantom (D:5)
  2 kobold brigands
  3 scorpions
  4 killer bees
  3 electric eels
  8 howler monkeys
  5 hounds
  7 orc priests
  A jelly (D:6)
  A gnoll bouda (D:4)
  3 iguanas
  18 orc wizards
  7 gnolls
  3 adders
  3 shadow imps
  A white imp (D:5)
  4 ufetubi
  5 dart slugs
  3 ribbon worms
  34 orcs
  6 ball pythons
  9 endoplasms
  2 giant cockroaches
  9 goblins
  10 hobgoblins
  2 jackals (D:2)
  15 kobolds
  5 quokkas
  A bat (D:1)
  3 frilled lizards
  4 rats
228 creatures vanquished.

Vanquished Creatures (collateral kills)
  A centaur warrior (D:9)
  A two-headed ogre (D:9)
  A tengu warrior (D:9)
  6 yaks
  A vampire mosquito (D:10)
  A centaur (D:9)
  3 wolves
  2 bullfrogs
  2 killer bees (D:9)
  An electric eel (D:9)
  2 hounds (D:10)
  A gnoll bouda (D:7)
  An orc wizard (D:9)
  4 orcs
27 creatures vanquished.

Vanquished Creatures (others)
  4 battlemagi
  2 ancestors (D:8)
6 creatures vanquished.

Grand Total: 261 creatures vanquished

Notes
Turn   | Place    | Note
-------+----------+-------------------------------------------
     0 | D:1      | inmateoo the Coglin Gladiator began the quest for the Orb.
     0 | D:1      | Reached XP level 1. HP: 16/16 MP: 1/1
   179 | D:1      | Reached XP level 2. HP: 22/22 MP: 2/2
   215 | D:1      | Reached skill level 3 in Polearms
   370 | D:1      | Reached XP level 3. HP: 27/27 MP: 3/3
   620 | D:1      | Reached skill level 1 in Armour
   787 | D:2      | Identified the orb "Sogudwio" {mayhem, rC+ rN+}
   917 | D:2      | Reached XP level 4. HP: 30/34 MP: 4/4
  1248 | D:3      | Reached XP level 5. HP: 32/39 MP: 5/5
  1271 | D:3      | Reached skill level 4 in Polearms
  1819 | D:3      | Found a basalt altar of Yredelemnul.
  1865 | D:3      | Reached XP level 6. HP: 37/47 MP: 6/6
  1904 | D:3      | You fall into a shaft and drop 3 floors!
  1924 | D:6      | Noticed a water moccasin
  1943 | D:6      | Killed a water moccasin
  1946 | D:6      | Gained mutation: You are strong-willed. (Will+) [potion of
                  | mutation]
  1946 | D:6      | Gained mutation: You are highly strong-willed. (Will++)
                  | [potion of mutation]
  2189 | D:6      | Found a sparkling altar of Nemelex Xobeh.
  2281 | D:6      | Noticed a sky beast
  2295 | D:6      | Killed a sky beast
  2296 | D:6      | Reached XP level 7. HP: 42/52 MP: 7/7
  2744 | D:6      | Reached skill level 5 in Polearms
  2900 | D:6      | Noticed a komodo dragon
  2923 | D:6      | Killed a komodo dragon
  3106 | D:6      | Reached XP level 8. HP: 34/60 MP: 8/8
  3197 | D:6      | Found a transporter.
  3202 | D:6      | Noticed Patate's ghost (novice GrFi)
  3203 | D:6      | Found a transporter.
  3745 | D:5      | Entered Level 5 of the Dungeon
  3784 | D:5      | Reached skill level 6 in Polearms
  4173 | D:5      | Reached skill level 5 in Dodging
  4322 | D:5      | Reached skill level 5 in Fighting
  4475 | D:5      | Found a snail-covered altar of Cheibriados.
  4605 | D:5      | Found a staircase to the Ecumenical Temple.
  4792 | Temple   | Entered the Ecumenical Temple
  4810 | Temple   | Became a worshipper of Hepliaklqana the Forgotten
  5053 | D:4      | Reached skill level 7 in Polearms
  5053 | D:4      | Reached XP level 9. HP: 61/68 MP: 9/9
  5310 | D:3      | Identified a scroll of acquirement
  5310 | D:3      | Acquired the scarf of Toeqeot {+Inv, Fly rElec}
  5793 | D:4      | Reached * piety under Hepliaklqana
  5794 | D:4      | Found an ancient bone altar of Kikubaaqudgha.
  6163 | D:7      | Found a burning altar of Makhleb.
  6200 | D:7      | Found a blossoming altar of Fedhas.
  6201 | D:7      | Found a glowing silver altar of Zin.
  6545 | D:7      | Reached skill level 1 in Invocations
  6585 | D:7      | Found an ornate altar of the Wu Jian Council.
  6797 | D:8      | Reached skill level 5 in Armour
  6804 | D:8      | Reached skill level 8 in Polearms
  6992 | D:8      | Reached XP level 10. HP: 65/68 MP: 11/11
  7200 | D:8      | Reached ** piety under Hepliaklqana
  7201 | D:8      | Remembered your ancestor Poteh as a battlemage
  7579 | D:8      | Found Doas's Weapon Shoppe.
  7735 | D:9      | Reached skill level 9 in Polearms
  7736 | D:9      | Noticed a death knight
  7742 | D:9      | Killed a death knight
  7782 | D:9      | Noticed a centaur warrior
  7783 | D:9      | Killed a centaur warrior
  8053 | D:9      | Reached XP level 11. HP: 75/75 MP: 13/13
  8159 | D:9      | Noticed a tengu warrior
  8179 | D:9      | Killed a tengu warrior
  8391 | D:9      | Reached skill level 10 in Polearms
  8405 | D:9      | Noticed a two-headed ogre
  8409 | D:9      | Killed a two-headed ogre
  8548 | D:9      | Noticed Grum
  8565 | D:9      | Killed Grum
  9090 | D:9      | Noticed a two-headed ogre
  9096 | D:9      | Killed a two-headed ogre
  9185 | D:9      | Reached *** piety under Hepliaklqana
  9290 | D:9      | Noticed Gastronok
  9303 | D:9      | Killed Gastronok
  9658 | D:10     | Entered Level 10 of the Dungeon
  9658 | D:10     | Noticed a two-headed ogre
  9673 | D:9      | Killed a two-headed ogre
  9837 | D:10     | Found a staircase to the Lair.
  9922 | D:10     | Reached XP level 12. HP: 65/84 MP: 15/15
  9927 | D:10     | Reached skill level 11 in Polearms
 10003 | D:10     | Noticed Erolcha
 10009 | D:10     | Killed Erolcha
 10082 | D:10     | Reached skill level 5 in Invocations
 10238 | D:10     | Noticed Amaemon
 10251 | D:10     | HP: 3/84 [poisoned by orange demon (concentrated venom)]
 10251 | D:10     | Slain by an orange demon

Illustrated notes

Levels and vault maps discovered:
D:1:      wander_arrival_peaceful_grave, layout_basic, minmay_octomino_j4
D:2:      layout_rooms
D:3:      layout_basic, lemuel_tele_altar
D:4:      layout_cave_pools, kiku_gazebo_garden_becter, minivault_4,
          grunt_ministairs_5
D:5:      layout_rooms, kennysheep_slug_shrine, minmay_temple_entry_from_below_a
D:6:      layout_layer_cave, mainiacjoe_overflow_six_doors_small,
          gammafunk_ghost_smash, st_stairs_7
D:7:      layout_basic, bloody_makhleb, gammafunk_temple_overflow_pools,
          pdpol_wu_jian_five_deadly_venoms
D:8:      layout_rooms, serial_shops, shop, hangedman_abyss_or_decor_clamps
D:9:      minmay_ornate_pinched, layout_gridville, serial_bayou,
          serial_bayou_pond_b, serial_bayou_shore_a, serial_bayou_pond_d,
          serial_bayou_lake_a, uniq_gastronok, uniq_grum
D:10:     layout_roguey, kennysheep_orc_sif_temple, erik_lair_island,
          minmay_fractal_squares_diagonal_5, uniq_amaemon, uniq_erolcha
Temple:   nicolae_temple_god_jail

Skill      XL: |  1  2  3  4  5  6  7  8  9 10 11 12 |
---------------+-------------------------------------+-----
Polearms       | 3 4 5 7 8 9 10 11 | 11.1
Dodging        | 3 4 5 6 7 8 |  8.0
Armour         | 1 2 3 4 5 6 7 |  7.5
Fighting       | 3 4 5 6 7 8 |  8.5
Invocations    | 2 3 4 5 |  5.0
Throwing       | |  1.7

Action                     |  1- 3 |  4- 6 |  7- 9 | 10-12 || total
---------------------------+-------+-------+-------+-------++-------
  Melee: Trident           |    72 |   113 |   477 |   219 ||   881
         Dagger            |    12 |       |       |       ||    12
         Short sword       |    44 |    89 |   115 |       ||   248
         Spear             |       |       |    37 |   224 ||   261
  Throw: Throwing net      |       |       |     3 |       ||     3
 Invoke: Ancestor Life: Ba |       |       |       |     1 ||     1
         Recall Ancestor   |       |       |       |     1 ||     1
    Use: Scroll            |     2 |     4 |    11 |     6 ||    23
         Potion            |       |     4 |       |     5 ||     9
   Stab: Sleeping          |     1 |       |       |     1 ||     2
         Held in net/web   |       |       |     4 |       ||     4
         Distracted        |       |       |       |     4 ||     4
 Armour: Leather armour    |     3 |       |       |   120 ||   123
         Ring mail         |    24 |    65 |   199 |    20 ||   308
  Dodge: Dodged            |    23 |    43 |   204 |   113 ||   383

Table legend: (Time is in decaauts)
 A = Elapsed time spent in this place.
 B = Non-inter-level travel time spent in this place.
 C = Inter-level travel time spent in this place.
 D = Time resting spent in this place.
 E = Time spent auto-exploring this place.
 F = Levels seen in this place.
 G = Mean time per level.
                   A        B        C        D        E       F      G
               +--------+--------+--------+--------+--------+-----+--------+
         Total |  10249 |   9869 |    380 |   3486 |   4657 |  11 |  931.7 |
       Dungeon |  10215 |   9850 |    365 |   3486 |   4657 |  10 | 1021.5 |
        Temple |     34 |     19 |     15 |      0 |      0 |   1 |   34.0 |
               +--------+--------+--------+--------+--------+-----+--------+

Top non-repeatable levels by time:
     D:9: 1995 daAuts
     D:6: 1900 daAuts
     D:4: 1230 daAuts
     D:3: 993 daAuts
     D:8: 874 daAuts
     D:7: 868 daAuts
     D:1: 762 daAuts
     D:5: 703 daAuts
     D:2: 458 daAuts
    D:10: 428 daAuts
  Temple: 34 daAuts
